 Dungeon Crawl Stone Soup version 0.30-a0-176-gdd20fb75b6 (webtiles) character file.

Game seed: 12842854261011184903

94616 Angani the Black Belt (level 15, 0/140 HPs)
             Began as a Red Draconian Reaver on Oct 2, 2022.
             Was the Champion of Jiyva.
             Slain by a sun demon (12 damage)
             ... summoned by an orc high priest
             ... on level 2 of the Orcish Mines.
             The game lasted 00:58:24 (17752 turns).

Angani the Black Belt (Red Draconian Reaver)       Turns: 17752, Time: 00:58:25

Health: 0/140      AC: 15    Str: 13    XL:     15   Next: 27%
Magic:  0/30       EV: 17    Int: 24    God:    Jiyva [******]
Gold:   666        SH:  0    Dex: 18    Spells: 18/36 levels left

rFire   + . .      SeeInvis +      - Unarmed
rCold   . . .      Faith    .    (no shield)
rNeg    . . .      Spirit   +    (body armour unavailable)
rPois   .          Reflect  .    y - +2 hat {Int+3}
rElec   .          Harm     .    H - +0 cloak
rCorr   +          Rampage  .    s - +0 pair of gloves
Will    ++...      Archmagi +    e - +1 pair of boots
Stlth   +++....... Clarity  +    P - amulet "Zeheulou" {Spirit Int+5}
HPRegen 2.03/turn                J - ring of willpower
MPRegen 0.72/turn                T - ring of the Mage {Wiz Archmagi}

@: flying, slowed, very slow
A: breathe fire, AC +9, unfitting armour, fire resistance 1, cold-blooded, big
wings, beak, stinger 1, talons 1, see invisible, agile 1, clarity, robust 1,
acidic bite, eyeballs 1, translucent skin 2, tendrils, engulf, noise suppression
}: 1/15 runes: slimy
a: Breathe Fire, Renounce Religion, Oozemancy, Slimify


You were on level 2 of the Orcish Mines.
You worshipped Jiyva.
Jiyva was exalted by your worship.
You visited 4 branches of the dungeon, and saw 27 of its levels.
You also visited: Gauntlet.

You collected 1278 gold pieces.
You spent 612 gold pieces at shops.

Inventory:

Hand Weapons
 O - the +10 morningstar "Eos" {elec, Halo rElec}
   (You found it on level 5 of the Pits of Slime)

   It occasionally discharges a powerful burst of electricity upon striking a
   foe.
   It grants its wielder a halo, revealing invisible creatures and increasing
   accuracy against all within it other than the wielder.
   rElec:     It insulates you from electricity.
Missiles
 h - 2 throwing nets
 V - 6 silver javelins
Armour
 e - a +1 pair of boots (worn)
 s - a +0 pair of gloves (worn)
 y - a +2 hat of intelligence (worn)
 H - a +0 cloak (worn)
Jewellery
 c - a ring of protection from cold
 l - a +6 ring of intelligence
 n - an amulet of reflection
 A - a +6 ring of intelligence
 E - a ring of poison resistance
 F - a ring of see invisible
 J - a ring of willpower (left hand)
 N - the ring of Mysaann {rElec rF+ Dex+2 Slay-5}
   (You found it on level 5 of the Pits of Slime)

   [ring of protection from fire]

   Dex:       It affects your dexterity (+2).
   Slay:      It affects your accuracy & damage with ranged weapons and melee
   (-5).
   rF:        It protects you from fire.
   rElec:     It insulates you from electricity.
 P - the amulet "Zeheulou" (around neck) {Spirit Int+5}
   (You found it on level 5 of the Pits of Slime)

   [amulet of guardian spirit]

   It causes incoming damage to be divided between your reserves of health and
   magic.
   Int:       It affects your intelligence (+5).
 Q - a +6 ring of intelligence
 T - the ring of the Mage (right hand) {Wiz Archmagi}
   (You bought it in a shop on level 2 of the Dungeon)

   [ring of wizardry]

   It improves your spell success rate.
   Archmagi:  It increases the power of your magical spells.
 X - the amulet of Ewaepe {Faith *Corrode rC+++ rN+ Regen+}
   (You found it in a Gauntlet)

   [amulet of faith]

   It allows you to gain divine favour quickly.
   rC:        It renders you almost immune to cold.
   rN:        It protects you from negative energy.
   Regen:     It increases your rate of health regeneration.
   *Corrode:  It may corrode you when you take damage.
 Y - the ring "Jasiwkab" {rN+ Int+4}
   (You found it in a Gauntlet)

   [ring of positive energy]

   Int:       It affects your intelligence (+4).
   rN:        It protects you from negative energy.
 Z - the ring "Ashruuki" {rN+ AC+4}
   (You found it in a Gauntlet)

   [ring of protection]

   AC:        It affects your AC (+4).
   rN:        It protects you from negative energy.
Wands
 u - a wand of quicksilver (5)
 w - a wand of mindburst (27)
 M - a wand of digging (5)
 R - a wand of iceblast (13)
Scrolls
 a - 3 scrolls of vulnerability
 f - a scroll of immolation
 k - a scroll of summoning
 m - a scroll of brand weapon
 o - a scroll of poison
 p - a scroll of amnesia
 v - 2 scrolls of enchant weapon
 B - 4 scrolls of butterflies
 I - 2 scrolls of teleportation
Potions
 b - 2 potions of ambrosia
 d - 4 potions of heal wounds
 g - 2 potions of brilliance
 i - 4 potions of resistance
 j - 5 potions of curing
 r - a potion of invisibility
 t - a potion of magic
 z - a potion of attraction
 C - 3 potions of lignification
 D - 2 potions of might
 L - a potion of mutation
 U - a potion of flight
 W - a potion of haste
Miscellaneous
 q - a box of beasts
 x - a phantom mirror
 G - a phial of floods


   Skills:
 - Level 10.8 Fighting
 - Level 9.0 Dodging
 - Level 15.1 Unarmed Combat
 + Level 11.3 Spellcasting
 - Level 3.5 Conjurations
 + Level 14.7 Summonings
 - Level 3.0 Transmutations


You had 18 spell levels left.
You knew the following spells:

 Your Spells              Type           Power      Damage    Failure   Level
b - Wereblood             Tmut           42%        N/A       1%          2
c - Summon Hydra          Summ           45%        N/A       4%          7
d - Dragon's Call         Summ           45%        N/A       98%         9

Your spell library contained the following spells:

 Spells                   Type           Power      Damage    Failure   Level
 Kiss of Death            Conj/Necr      100%       2d13      1%          1
 Momentum Strike          Conj/Tloc      66%        3d9       1%          2
 Passwall                 Tmut/Erth      25%        N/A       1%          2
 Static Discharge         Conj/Air       66%        2-5/arc   1%          2
 Summon Ice Beast         Ice/Summ       65%        N/A       1%          4
 Ensorcelled Hibernation  Hex/Ice        40%        N/A       2%          2
 Sublimation of Blood     Necr           20%        N/A       2%          2
 Hailstorm                Conj/Ice       33%        3d8       2%          3
 Stone Arrow              Conj/Erth      66%        3d11      2%          3
 Summon Mana Viper        Hex/Summ       65%        N/A       2%          5
 Confusing Touch          Hex            20%        N/A       6%          3
 Frozen Ramparts          Ice            40%        1d7       6%          3
 Swiftness                Air            20%        N/A       6%          3
 Vampiric Draining        Necr           20%        2d7       6%          3
 Flame Wave               Conj/Fire      33%        2d10      9%          4
 Ice Form                 Ice/Tmut       31%        N/A       10%         4
 Dispel Undead            Necr           20%        3d11      17%         4
 Silence                  Hex/Air        10%        N/A       43%         5
 Enfeeble                 Hex            10%        N/A       100%        7
 Necromutation            Tmut/Necr      15%        N/A       100%        8


Dungeon Overview and Level Annotations

Branches:
Dungeon (15/15)            Temple (0/1) D:5            Lair (5/5) D:8
  Swamp (0/4) Lair:2        Snake (0/4) Lair:2        Slime (5/5) Lair:4
    Orc (2/2) D:11            Elf (0/3) Orc:2        Vaults (0/5) D:13
 Depths (0/4) D:15        Gauntlet (visited)

Altars:
Ashenzari
Dithmenos
Kikubaaqudgha
Nemelex Xobeh
Ru
Vehumet
Wu Jian
Jiyva

Shops:
D:2 =   D:8 *

Annotations:
D:4 3 runed translucent doors, kthxbai's ghost, amateur DgIE
D:5 exclusion: 2 doors
D:14 1 runed translucent door, exclusion: door
Slime:5 Royal Jelly


Innate Abilities, Weirdness & Mutations

You can breathe blasts of fire.
Your fiery red scales are hard. (AC +9)
You cannot fit into any form of body armour.
Your flesh is heat resistant. (rF+)
You are cold-blooded and may be slowed by cold attacks.
Your large and strong wings let you fly.
You have a beak for a mouth.
Your tail ends in a venomous barb.
You have sharp toenails.
You have supernaturally acute eyesight. (SInv)
You are agile. (Dex +4, Str/Int -1)
You possess an exceptional clarity of mind.
You are robust. (+10% HP)
You have acidic saliva.
Your body has grown eyes which may confuse attackers. (Acc +3)
Your translucent skin reduces your foes' accuracy. (Stealth+)
You are covered in slimy tendrils that may disarm your opponents.
Your melee attacks may engulf your foes in ooze.
You passively dampen the noise of your surroundings.


Message History

The orc high priest hits your orc with a +0 flail!
Your orc dies!
Your orc's corpse dissolves into shadows!
Your orc closely misses the sun demon.
Your orc closely misses the orc high priest.
Your orc wizard mumbles some strange words.
Your orc wizard flickers and vanishes for a moment.
Your orc hits the orc sorcerer but does no damage.
Your orc warrior hits the sun demon with a +0 scimitar!
Your orc hits the orc high priest with a +0 flail.
Unknown command.
You completely miss the ice devil. Your peck misses the ice devil.
Your punch misses the ice devil. The ice devil hits you.
The ice devil freezes you!!
You feel yourself slow down.
* * * LOW HITPOINT WARNING * * *
The orc sorcerer hits your orc warrior but does no damage.
The orc high priest mumbles some strange prayers to Beogh.
Unknown command.
Unknown command.
Unknown command.
You closely miss the ice devil.
You tail-slap the ice devil, but do no damage.
The sixfirhy hits your orc. The sixfirhy shocks your orc!
Your orc dies!
Your orc's corpse dissolves into shadows!
The sixfirhy closely misses your orc warrior.
The sun demon hits you!!
* * * LOW HITPOINT WARNING * * *
You are engulfed in flames.
You resist.
* * * LOW HITPOINT WARNING * * *
Your orc priest hits the sun demon with a +0 club.
Your orc warrior hits the orc sorcerer with a +0 scimitar!
The chaos spawn gores your orc!
Your orc dies!
Your orc's corpse dissolves into shadows!
Your orc warrior hits the sun demon with a +0 halberd!!
Your orc wizard misses the sun demon.
Your orc hits the orc sorcerer but does no damage.
The ice devil closely misses you. The sun demon hits you!
You die...

..........)[...
..........).....
.................
..................
..................
..................
.................
#####...............
###.4@##..............
##.oo3[.##.............
###4.3)oo..##............
#..÷.o##)...#............
#...o####.).##...........
#...o4..##....#...........
#÷.÷÷.÷÷÷.##...............
#.........##..............
#....°..÷###)............


You could see an orc high priest, a sun demon (summoned, ally target), 2 ice
devils, a sixfirhy (summoned), a chaos spawn (summoned), an orc sorcerer (ally
target), 2 friendly orc warriors, a friendly orc priest (summoned), a friendly
orc wizard (summoned, invisible) and a friendly orc (summoned).

Vanquished Creatures
  Gastronok (Lair:2)
  A minotaur (Gauntlet)
  2 fire dragons (D:15)
  Erolcha (D:9)
  4 hydras
  Fannar (D:11)
  Harold (Orc:1)
  4 centaur warriors (D:14)
  7 two-headed ogres
  A tengu warrior (D:13)
  3 boulder beetles
  8 death yaks (Lair:4)
  2 orc high priests (Orc:2)
  Amaemon (Lair:1)
  2 wizards
  An orange crystal statue (Gauntlet)
  A lindwurm (Lair:4)
  A necromancer (D:13)
  Pikel (D:5)
  4 orc knights (Orc:2)
  4 deep elf pyromancers
  3 oklob plants (Lair:4)
  2 wolf spiders (Lair:5)
  2 orc sorcerers (Orc:2)
  2 manticores
  4 cyclopes
  A worldbinder (Gauntlet)
  6 ugly things
  Joseph (D:10)
  2 guardian serpents
  15 elephants
  2 torpor snails
  7 black mambas
  2 unseen horrors
  An orange demon (Lair:1)
  17 cane toads
  A kobold demonologist (D:13)
  Maggie (D:8)
  An efreet (D:14)
  7 komodo dragons
  2 freezing wraiths (D:14)
  3 rime drakes
  A minotaur zombie (Gauntlet)
  3 tengu conjurers (D:15)
  3 trolls
  A queen bee (Lair:4)
  9 meliai
  A polar bear (Lair:3)
  A tarantella (shapeshifter) (D:14)
  8 dream sheep
  4 hornets
  2 blink frogs (Lair:4)
  A vampire (D:11)
  A shadow (D:11)
  4 steam dragons
  A basilisk (Lair:3)
  13 wyverns
  37 yaks
  4 vampire mosquitoes
  A redback (Lair:5)
  Menkaure (D:4)
  5 acid dragons
  25 water moccasins
  An ice beast (D:7)
  17 orc warriors
  A sky beast (shapeshifter) (D:13)
  2 black bears
  6 centaurs
  16 wolves
  3 boggarts (Gauntlet)
  A phantom (D:6)
  3 lemures (D:5)
  A kobold brigand (D:10)
  11 bullfrogs
  2 gnoll sergeants
  5 scorpions
  3 necrophages
  10 wights
  36 killer bees
  An electric eel (D:13)
  7 howler monkeys
  3 hounds
  13 orc priests
  4 iguanas
  Terence (D:2)
  13 orc wizards
  A hell rat (Lair:4)
  Robin (D:4)
  11 gnolls
  7 adders
  2 white imps
  3 ufetubi
  A worm (D:2)
  A dart slug (D:3)
  39 orcs
  An endoplasm (D:1)
  A giant cockroach (D:1)
  9 goblins
  3 hobgoblins
  12 kobolds
  2 quokkas
  4 ball pythons
  5 bats
  A frilled lizard (D:1)
  8 rats
531 creatures vanquished.

Vanquished Creatures (collateral kills)
  A hydra (Lair:2)
  Erica (D:8)
  A dream sheep (Lair:1)
  A bullfrog (Lair:2)
4 creatures vanquished.

Vanquished Creatures (others)
  An unseen horror (D:12)
  5 slime creatures
  A shadow (D:10)
  A basilisk (Lair:4)
  A steam dragon (D:8)
  A vampire mosquito (D:13)
  2 water moccasins (Lair:5)
  2 centaurs (D:14)
  A kobold brigand (D:9)
  A gnoll sergeant (D:10)
  2 bullfrogs
  A wight (D:9)
  8 killer bees
  67 jellies
  3 hounds
  4 orc priests
  5 orc wizards
  A scorpion simulacrum (D:4)
  3 gnolls
  2 adders
  A dart slug (D:5)
  An endoplasm (D:4)
  5 orcs
  A giant cockroach (D:4)
  5 goblins (D:4)
  2 hobgoblins
  A frilled lizard (D:1)
  2 kobolds (D:9)
  A rat (D:3)
  61 fungi
  69 plants
261 creatures vanquished.

Grand Total: 796 creatures vanquished

Notes
Turn   | Place    | Note
-------+----------+-------------------------------------------
     0 | D:1      | Angani the Draconian Reaver began the quest for the Orb.
     0 | D:1      | Reached XP level 1. HP: 17/17 MP: 3/3
   105 | D:1      | Found a faded altar of an unknown god.
   112 | D:1      | Prayed at the altar of an unknown god.
   112 | D:1      | Became a worshipper of Jiyva Jegaf the Shapeless
   112 | D:1      | Reached * piety under Jiyva
   192 | D:1      | Reached XP level 2. HP: 24/24 MP: 5/5
   750 | D:2      | Noticed Terence
   756 | D:2      | Reached ** piety under Jiyva
   905 | D:2      | Killed Terence
   906 | D:2      | Reached XP level 3. HP: 15/29 MP: 6/6
   951 | D:2      | Reached skill level 4 in Unarmed Combat
  1042 | D:2      | Learned a level 2 spell: Wereblood
  1067 | D:2      | Found Zasaguv's Jewellery Shoppe.
  1429 | D:3      | Reached XP level 4. HP: 36/36 MP: 7/7
  1600 | D:3      | Reached skill level 1 in Transmutations
  1685 | D:3      | Reached *** piety under Jiyva
  1820 | D:3      | Reached XP level 5. HP: 41/41 MP: 9/9
  1823 | D:3      | Gained mutation: Your translucent skin slightly reduces
                  | your foes' accuracy. (Stealth+) [Jiyva's grace]
  1823 | D:3      | Gained mutation: Your translucent skin reduces your foes'
                  | accuracy. (Stealth+) [Jiyva's grace]
  1823 | D:3      | Gained mutation: Your transparent skin significantly
                  | reduces your foes' accuracy. (Stealth+) [Jiyva's grace]
  1823 | D:3      | Gained mutation: You have a pair of small antennae on your
                  | head. [Jiyva's grace]
  2310 | D:4      | Found a runed translucent gate.
  2310 | D:4      | Found a runed translucent gate.
  2310 | D:4      | Found a runed translucent gate.
  2325 | D:4      | Noticed Robin
  2372 | D:4      | Noticed Menkaure
  2380 | D:4      | Killed Menkaure
  2381 | D:4      | Reached skill level 5 in Unarmed Combat
  2402 | D:4      | Killed Robin
  2468 | D:4      | Reached **** piety under Jiyva
  2485 | D:4      | Reached XP level 6. HP: 18/48 MP: 9/11
  2513 | D:4      | Noticed kthxbai's ghost (amateur DgIE)
  2777 | D:5      | Entered Level 5 of the Dungeon
  2823 | D:5      | Found a staircase to the Ecumenical Temple.
  2874 | D:5      | Noticed a water moccasin
  2921 | D:5      | Killed a water moccasin
  2922 | D:5      | Reached skill level 6 in Unarmed Combat
  2922 | D:5      | Your scales start taking on a fiery red colour.
  2922 | D:5      | Reached XP level 7. HP: 55/55 MP: 12/12
  2922 | D:5      | Gained mutation: Your flesh is heat resistant. (rF+) [Red
                  | Draconian growth]
  2969 | D:5      | Learned a level 7 spell: Summon Hydra
  3207 | D:5      | Reached skill level 1 in Summonings
  3208 | D:5      | Noticed Pikel
  3216 | D:5      | Killed Pikel
  3217 | D:5      | Reached skill level 7 in Unarmed Combat
  3217 | D:5      | Reached XP level 8. HP: 53/61 MP: 13/15
  3380 | D:5      | Reached ***** piety under Jiyva
  3759 | D:6      | Gained mutation: Your natural rate of healing is unusually
                  | fast. [Jiyva's grace]
  3759 | D:6      | Gained mutation: You heal very quickly. [Jiyva's grace]
  3759 | D:6      | Gained mutation: You regenerate. [Jiyva's grace]
  3759 | D:6      | Gained mutation: Your flesh is cold resistant. (rC+)
                  | [Jiyva's grace]
  3816 | D:6      | Reached skill level 5 in Spellcasting
  3860 | D:6      | Reached skill level 8 in Unarmed Combat
  4247 | D:6      | Reached XP level 9. HP: 67/67 MP: 17/17
  4298 | D:6      | Reached skill level 9 in Unarmed Combat
  4675 | D:7      | Noticed a deep elf pyromancer
  4681 | D:7      | Killed a deep elf pyromancer
  4682 | D:7      | Reached skill level 5 in Summonings
  4922 | D:7      | Found a faded altar of an unknown god.
  4922 | D:7      | Found a shadowy altar of Dithmenos.
  4929 | D:7      | Found an ancient bone altar of Kikubaaqudgha.
  4931 | D:7      | Found a radiant altar of Vehumet.
  4933 | D:7      | Found a sparkling altar of Nemelex Xobeh.
  4975 | D:7      | Reached ****** piety under Jiyva
  4981 | D:7      | Reached skill level 10 in Unarmed Combat
  5010 | D:7      | Lost mutation: You regenerate. [Jiyva's grace]
  5010 | D:7      | Gained mutation: You have large cloven feet. [Jiyva's
                  | grace]
  5010 | D:7      | Gained mutation: You have hoof-like feet. [Jiyva's grace]
  5010 | D:7      | Gained mutation: You have hooves in place of feet. [Jiyva's
                  | grace]
  5010 | D:7      | Gained mutation: You are agile. (Dex +4, Str/Int -1)
                  | [Jiyva's grace]
  5527 | D:8      | Found an ornate altar of the Wu Jian Council.
  5674 | D:8      | Found Korph's General Store.
  5860 | D:8      | Noticed Maggie
  5869 | D:8      | Killed Maggie
  5926 | D:8      | Noticed Erica
  5932 | D:8      | Killed Erica
  5933 | D:8      | Reached XP level 10. HP: 44/73 MP: 20/20
  6093 | D:8      | Reached skill level 11 in Unarmed Combat
  6104 | D:8      | Found a staircase to the Lair.
  6217 | Lair:1   | Entered Level 1 of the Lair of Beasts
  6233 | Lair:1   | Noticed a cane toad
  6241 | Lair:1   | Killed a cane toad
  6349 | Lair:1   | You fall into a shaft and drop 1 floor!
  6349 | Lair:2   | Noticed Gastronok
  6352 | Lair:2   | Noticed a six-headed hydra
  6357 | Lair:2   | Killed Gastronok
  6361 | Lair:2   | Killed a six-headed hydra
  6362 | Lair:2   | Reached skill level 12 in Unarmed Combat
  6408 | Lair:1   | Noticed an elephant
  6408 | Lair:1   | Noticed an elephant
  6408 | Lair:1   | Noticed an elephant
  6408 | Lair:1   | Noticed an elephant
  6409 | Lair:1   | Noticed an elephant
  6433 | Lair:2   | Reached XP level 11. HP: 84/84 MP: 21/21
  6546 | Lair:1   | Lost mutation: You heal very quickly. [Jiyva's grace]
  6546 | Lair:1   | Lost mutation: Your transparent skin significantly reduces
                  | your foes' accuracy. (Stealth+) [Jiyva's grace]
  6546 | Lair:1   | Gained mutation: You are robust. (+10% HP) [Jiyva's grace]
  6546 | Lair:1   | Gained mutation: You are very robust. (+20% HP) [Jiyva's
                  | grace]
  6546 | Lair:1   | Gained mutation: You are extremely robust. (+30% HP)
                  | [Jiyva's grace]
  6546 | Lair:1   | Gained mutation: You expend magic power (3 MP) to
                  | strengthen your wands. [Jiyva's grace]
  6573 | Lair:1   | Reached skill level 5 in Fighting
  6706 | Lair:1   | Noticed Amaemon
  6731 | Lair:1   | Killed Amaemon
  6732 | Lair:1   | Reached skill level 13 in Unarmed Combat
  6839 | Lair:1   | Reached skill level 5 in Dodging
  7256 | Lair:2   | Found a staircase to the Snake Pit.
  7293 | Lair:2   | Identified the +5 dagger of the Evil Eye {vorpal, rElec
                  | rCorr}
  7356 | Lair:2   | Reached XP level 12. HP: 126/126 MP: 22/22
  7451 | Lair:2   | Reached skill level 14 in Unarmed Combat
  7538 | Lair:2   | Found a staircase to the Swamp.
  7773 | Lair:2   | Identified the +2 leather armour of Classification {Will++}
  8065 | Lair:3   | Identified the +6 chain mail of Qoogong {Str+6}
  8252 | Lair:3   | Lost mutation: Your translucent skin reduces your foes'
                  | accuracy. (Stealth+) [Jiyva's grace]
  8252 | Lair:3   | Lost mutation: You expend magic power (3 MP) to strengthen
                  | your wands. [Jiyva's grace]
  8252 | Lair:3   | Gained mutation: You have a small jelly attached to you
                  | that senses nearby items. [Jiyva's grace]
  8252 | Lair:3   | Gained mutation: You passively dampen the noise of your
                  | surroundings. [Jiyva's grace]
  8252 | Lair:3   | Gained mutation: Your tail ends in a venomous barb.
                  | [Jiyva's grace]
  8252 | Lair:3   | Gained mutation: Your tail ends in a sharp venomous barb.
                  | [Jiyva's grace]
  8859 | Lair:4   | Noticed a death yak
  8860 | Lair:4   | Noticed a death yak
  8868 | Lair:4   | Killed a death yak
  8873 | Lair:4   | Killed a death yak
  9340 | Lair:4   | Reached skill level 15 in Unarmed Combat
  9418 | Lair:4   | Reached XP level 13. HP: 128/140 MP: 23/23
  9458 | Lair:4   | Reached skill level 10 in Summonings
  9659 | Lair:4   | Lost mutation: Your natural rate of healing is unusually
                  | fast. [Jiyva's grace]
  9659 | Lair:4   | Lost mutation: Your translucent skin slightly reduces your
                  | foes' accuracy. (Stealth+) [Jiyva's grace]
  9659 | Lair:4   | Gained mutation: You have a beak for a mouth. [Jiyva's
                  | grace]
  9659 | Lair:4   | Gained mutation: You have supernaturally acute eyesight.
                  | (SInv) [Jiyva's grace]
  9659 | Lair:4   | Gained mutation: You are very agile. (Dex +8, Str/Int -2)
                  | [Jiyva's grace]
  9659 | Lair:4   | Gained mutation: Your system is resistant to poisons.
                  | (rPois) [Jiyva's grace]
  9848 | Lair:4   | Found a staircase to the Slime Pits.
  9934 | Lair:5   | Entered Level 5 of the Lair of Beasts
 10130 | Lair:5   | Reached skill level 10 in Fighting
 10216 | Lair:5   | Identified the +4 flail "Wiyj Poipna" {vorpal, rC+ Stlth+}
 11025 | Slime:1  | Entered Level 1 of the Pits of Slime
 11025 | Slime:1  | Noticed an acid blob
 11025 | Slime:1  | Noticed an acid blob
 11026 | Slime:1  | Noticed an acid blob
 11058 | Slime:3  | Noticed a quicksilver ooze
 11059 | Slime:4  | Noticed an acid blob
 11070 | Slime:5  | Entered Level 5 of the Pits of Slime
 11076 | Slime:5  | Noticed an acid blob
 11090 | Slime:5  | Found a viscous altar of Jiyva.
 11090 | Slime:5  | Noticed an acid blob
 11090 | Slime:5  | Noticed the Royal Jelly
 11090 | Slime:5  | Noticed an azure jelly
 11090 | Slime:5  | Noticed an acid blob
 11092 | Slime:5  | Noticed an acid blob
 11092 | Slime:5  | Noticed an acid blob
 11093 | Slime:5  | Noticed an acid blob
 11094 | Slime:5  | Noticed an acid blob
 11095 | Slime:5  | Noticed an acid blob
 11097 | Slime:5  | Got the Disquisition on Shivering Guile
 11098 | Slime:5  | Identified the ring of Mysaann {rElec rF+ Dex+2 Slay-5}
 11101 | Slime:5  | Found the +10 morningstar "Eos" {elec, Halo rElec}
 11102 | Slime:5  | Noticed an acid blob
 11103 | Slime:5  | Got the Encyclopedia of Conjury
 11111 | Slime:5  | Got the Papyrus of United Blasphemous Mysteries
 11112 | Slime:5  | Identified the +4 morningstar "Pendulum" {elec, rC+ Dex+4}
 11123 | Slime:5  | Got a slimy rune of Zot
 11133 | Slime:5  | Identified the amulet "Zeheulou" {Spirit Int+5}
 11154 | Slime:5  | Noticed a quicksilver ooze
 11161 | Slime:5  | Learned a level 9 spell: Dragon's Call
 11162 | Slime:5  | Noticed a quicksilver ooze
 11184 | Slime:4  | Noticed an azure jelly
 11658 | D:9      | Reached XP level 14. HP: 144/158 MP: 23/25
 11683 | D:9      | Noticed Erolcha
 11691 | D:9      | Killed Erolcha
 11719 | D:9      | Lost mutation: You are extremely robust. (+30% HP) [Jiyva's
                  | grace]
 11719 | D:9      | Lost mutation: You have a small jelly attached to you that
                  | senses nearby items. [Jiyva's grace]
 11719 | D:9      | Gained mutation: You have acidic saliva. [Jiyva's grace]
 11719 | D:9      | Gained mutation: You are extremely robust. (+30% HP)
                  | [Jiyva's grace]
 11719 | D:9      | Gained mutation: Your translucent skin slightly reduces
                  | your foes' accuracy. (Stealth+) [Jiyva's grace]
 11719 | D:9      | Gained mutation: Your translucent skin reduces your foes'
                  | accuracy. (Stealth+) [Jiyva's grace]
 12218 | D:10     | Entered Level 10 of the Dungeon
 12355 | D:10     | Noticed Joseph
 12361 | D:10     | Killed Joseph
 12846 | D:2      | Bought the ring of the Mage {Wiz Archmagi} for 612 gold
                  | pieces
 12846 | D:2      | Found the ring of the Mage {Wiz Archmagi}
 13383 | D:11     | Found a staircase to the Orcish Mines.
 13525 | D:11     | Lost mutation: You have a pair of small antennae on your
                  | head. [Jiyva's grace]
 13525 | D:11     | Lost mutation: You have hooves in place of feet. [Jiyva's
                  | grace]
 13525 | D:11     | Lost mutation: You have hoof-like feet. [Jiyva's grace]
 13525 | D:11     | Lost mutation: Your tail ends in a sharp venomous barb.
                  | [Jiyva's grace]
 13525 | D:11     | Lost mutation: Your system is resistant to poisons. (rPois)
                  | [Jiyva's grace]
 13525 | D:11     | Lost mutation: Your translucent skin reduces your foes'
                  | accuracy. (Stealth+) [Jiyva's grace]
 13525 | D:11     | Gained mutation: Your body has grown eyes which may confuse
                  | attackers. (Acc +3) [Jiyva's grace]
 13525 | D:11     | Gained mutation: Your body has grown many eyes which may
                  | confuse attackers. (Acc +5) [Jiyva's grace]
 13525 | D:11     | Gained mutation: Your body is covered in eyes which may
                  | confuse attackers. (Acc +7, SInv) [Jiyva's grace]
 13525 | D:11     | Lost mutation: You have large cloven feet. [Jiyva's grace]
 13525 | D:11     | Gained mutation: You have sharp toenails. [Jiyva's grace]
 13580 | D:11     | Found a broken altar of Ashenzari.
 13679 | D:11     | You fall into a shaft and drop 3 floors!
 14076 | D:11     | Noticed Fannar
 14088 | D:11     | Killed Fannar
 14522 | D:12     | Lost mutation: Your flesh is cold resistant. (rC+) [Jiyva's
                  | grace]
 14522 | D:12     | Lost mutation: Your translucent skin slightly reduces your
                  | foes' accuracy. (Stealth+) [Jiyva's grace]
 14522 | D:12     | Gained mutation: Your melee attacks may engulf your foes in
                  | ooze. [Jiyva's grace]
 14522 | D:12     | Gained mutation: Your translucent skin slightly reduces
                  | your foes' accuracy. (Stealth+) [Jiyva's grace]
 14522 | D:12     | Gained mutation: Your translucent skin reduces your foes'
                  | accuracy. (Stealth+) [Jiyva's grace]
 14522 | D:12     | Gained mutation: Your transparent skin significantly
                  | reduces your foes' accuracy. (Stealth+) [Jiyva's grace]
 15265 | D:13     | Found a gate to the Vaults.
 15563 | D:14     | Reached skill level 10 in Spellcasting
 15603 | D:14     | Found a runed translucent door.
 16035 | D:15     | Entered Level 15 of the Dungeon
 16054 | D:15     | Lost mutation: You are very agile. (Dex +8, Str/Int -2)
                  | [Jiyva's grace]
 16054 | D:15     | Lost mutation: You are extremely robust. (+30% HP) [Jiyva's
                  | grace]
 16054 | D:15     | Lost mutation: You are very robust. (+20% HP) [Jiyva's
                  | grace]
 16054 | D:15     | Lost mutation: You have acidic saliva. [Jiyva's grace]
 16054 | D:15     | Lost mutation: Your body is covered in eyes which may
                  | confuse attackers. (Acc +7, SInv) [Jiyva's grace]
 16054 | D:15     | Lost mutation: Your body has grown many eyes which may
                  | confuse attackers. (Acc +5) [Jiyva's grace]
 16054 | D:15     | Lost mutation: Your transparent skin significantly reduces
                  | your foes' accuracy. (Stealth+) [Jiyva's grace]
 16054 | D:15     | Gained mutation: You have acidic saliva. [Jiyva's grace]
 16054 | D:15     | Gained mutation: You possess an exceptional clarity of
                  | mind. [Jiyva's grace]
 16054 | D:15     | Gained mutation: Your large and strong wings let you fly.
                  | [Jiyva's grace]
 16054 | D:15     | Gained mutation: You are covered in slimy tendrils that may
                  | disarm your opponents. [Jiyva's grace]
 16538 | D:15     | Found a staircase to the Depths.
 16571 | D:15     | Found a sacrificial altar of Ru.
 16808 | Orc:1    | Entered Level 1 of the Orcish Mines
 16937 | Orc:1    | Noticed Harold
 16945 | Orc:1    | Killed Harold
 16946 | Orc:1    | Reached XP level 15. HP: 136/140 MP: 27/29
 17019 | Orc:2    | Entered Level 2 of the Orcish Mines
 17126 | Orc:2    | Found a staircase to the Elven Halls.
 17155 | Orc:2    | Found a gate leading to a gauntlet.
 17174 | Gauntlet | Entered a Gauntlet
 17174 | Gauntlet | Found a transporter.
 17174 | Gauntlet | Found a runed translucent door.
 17174 | Gauntlet | Found a transporter.
 17176 | Gauntlet | Found a transporter.
 17177 | Gauntlet | Found a runed translucent door.
 17193 | Gauntlet | Found a transporter.
 17205 | Gauntlet | Found a transporter.
 17214 | Gauntlet | Found a transporter.
 17231 | Gauntlet | Found a runed translucent door.
 17232 | Gauntlet | Found a transporter.
 17233 | Gauntlet | Found a runed translucent door.
 17249 | Gauntlet | Found a transporter.
 17253 | Gauntlet | Found a transporter.
 17265 | Gauntlet | Found a transporter.
 17266 | Gauntlet | Found a transporter.
 17331 | Gauntlet | Identified the amulet of Ewaepe {Faith *Corrode rC+++ rN+
                  | Regen+}
 17344 | Gauntlet | Found a transporter.
 17406 | Gauntlet | Identified the ring "Jasiwkab" {rN+ Int+4}
 17436 | Gauntlet | Identified the ring "Ashruuki" {rN+ AC+4}
 17752 | Orc:2    | Slain by a sun demon

Illustrated notes

Levels and vault maps discovered:
D:1:      saegor_arrival_simple_b, layout_loops_ring, basic_ecumenical_altar
D:2:      layout_loops_cross, serial_shops, shop, uniq_terence
D:3:      layout_basic, grunt_decor_mini_mirrors
D:4:      layout_rooms, gammafunk_ghost_icy, feat_on_display, uniq_robin,
          uniq_menkaure
D:5:      layout_gridville, minmay_temple_entry_large_hall, uniq_pikel
D:6:      layout_basic, serial_glass, glass_columns_a, glass_columns_c,
          minmay_fractal_squares_5
D:7:      layout_layer_cave, chequers_temple_overflow_minitemple
D:8:      layout_loops_ring, nicolae_overflow_crystal_walls, erik_lair_dragon,
          serial_shops, nicolae_shop_statue_plus, uniq_maggie, uniq_erica
D:9:      layout_loops_corners, uniq_erolcha
D:10:     layout_basic, minmay_starry_boxes, uniq_joseph
D:11:     layout_irregular_city, orc_0_dummy, kennysheep_minor_cross,
          evilmike_ruin_ashenzari, uniq_fannar
D:12:     layout_irregular_city
D:13:     layout_cave_pools, david_vaults_1, minmay_crystal_water,
          serial_park_tiny_pond
D:14:     layout_basic, serial_park_tiny_2, st_stairs_5, nicolae_danse_macabre
D:15:     grunt_enter_depths_hoard, layout_rooms,
          nicolae_ru_the_path_less_chosen, nrook_mini_backslash,
          serial_park_tiny_pond, grunt_decor_arrowhead
Lair:1:   layout_regular_city, st_stairs_6, infiniplex_staircase_pool,
          serial_bayou_shore_b, uniq_amaemon
Lair:2:   layout_regular_city, swamp_mist_pool, minmay_snake_entry_spellcaster,
          grunt_megastairs_4, uniq_gastronok
Lair:3:   layout_chaotic_city
Lair:4:   regret_index_combs_of_tragedy, layout_loops_ring,
          minmay_slime_entry_oklob_enclosed, beast_lair_carwin_8
Lair:5:   hangedman_lair_tendril_chambers, layout_misc_corridors,
          lemuel_fruit_tree, serial_bayou_shore_a
Slime:1:  layout_caves
Slime:2:  layout_caves
Slime:3:  nicolae_slime_jelly_donut, layout_caves
Slime:4:  layout_caves
Slime:5
Orc:1:    layout_diamond_mine, uniq_harold, uniq_sonja
Orc:2:    grunt_orc_tribal_feast, layout_diamond_mine, gauntlet_entry_generic

Skill      XL: |  1  2  3  4  5  6  7  8  9 10 11 12 13 14 15 |
---------------+----------------------------------------------+-----
Unarmed Combat | 4 5 6 7 8 10 12 13 15 | 15.1
Transmutations | 1 2 3 |  3.0
Spellcasting   | 3 4 5 7 10 11 | 11.3
Summonings     | 2 4 6 7 8 9 11 14 | 14.7
Dodging        | 3 5 6 9 |  9.0
Fighting       | 4 6 8 10 | 10.8
Conjurations   | |  3.5

Action                   |  1- 3 |  4- 6 |  7- 9 | 10-12 | 13-15 || total
-------------------------+-------+-------+-------+-------+-------++-------
Melee: Unarmed           |   145 |   204 |   310 |   553 |  1044 ||  2256
       Tailslap          |    17 |    27 |    46 |   114 |   251 ||   455
       Punch             |     2 |     8 |     9 |    47 |   139 ||   205
       Kick              |       |       |    24 |   229 |   198 ||   451
       Peck              |       |       |       |       |   294 ||   294
       Bite              |       |       |       |       |   116 ||   116
Invok: Oozemancy         |       |       |     1 |     4 |     4 ||     9
       Slimify           |       |       |       |     1 |       ||     1
 Abil: Breathe Fire      |       |       |     9 |    15 |    30 ||    54
  Use: Scroll            |     3 |     1 |     4 |     7 |    16 ||    31
       Potion            |     2 |     1 |       |       |     1 ||     4
 Stab: Sleeping          |     2 |     2 |       |     9 |    15 ||    28
       Distracted        |       |       |       |     1 |     2 ||     3
       Confused          |       |       |       |       |    26 ||    26
Armor: Skin              |    45 |    66 |    75 |   113 |   210 ||   509
Dodge: Dodged            |    91 |   113 |   226 |   379 |   808 ||  1617
Block: Other             |       |       |    62 |   106 |    57 ||   225
       Reflection        |       |       |     3 |     1 |     1 ||     5

Table legend: (Time is in decaauts)
 A = Elapsed time spent in this place.
 B = Non-inter-level travel time spent in this place.
 C = Inter-level travel time spent in this place.
 D = Time resting spent in this place.
 E = Time spent auto-exploring this place.
 F = Levels seen in this place.
 G = Mean time per level.
                   A        B        C        D        E       F      G
               +--------+--------+--------+--------+--------+-----+--------+
         Total |  17277 |  16036 |   1241 |    105 |  11391 |  28 |  617.0 |
       Dungeon |  11503 |  10610 |    893 |     26 |   8251 |  15 |  766.9 |
          Lair |   4689 |   4421 |    268 |     35 |   2897 |   5 |  937.8 |
    Slime Pits |    201 |    134 |     67 |      0 |      0 |   5 |   40.2 |
  Orcish Mines |    576 |    564 |     12 |     44 |    136 |   2 |  288.0 |
      Gauntlet |    305 |    305 |      0 |      0 |    107 |   1 |  305.0 |
               +--------+--------+--------+--------+--------+-----+--------+

Top non-repeatable levels by time:
  Lair:4: 1244 daAuts
     D:5: 999 daAuts
     D:7: 991 daAuts
  Lair:5: 947 daAuts
    D:10: 922 daAuts
  Lair:1: 896 daAuts
  Lair:2: 881 daAuts
     D:3: 853 daAuts
     D:9: 828 daAuts
     D:6: 787 daAuts
     D:8: 787 daAuts
     D:2: 741 daAuts
  Lair:3: 720 daAuts
    D:14: 712 daAuts
     D:1: 687 daAuts
